 Dungeon Crawl Stone Soup version 0.31-a0-1610-g9787180647 (webtiles) character file.

Game seed: 5918046258902997777

126 night the Caller (level 5, -5/35 HPs)
             Began as a Merfolk Summoner on Jan 8, 2024.
             Was a High Priest of Ignis.
             Slain by a nameless horror (12 damage)
             ... created by miscasting Summon Blazeheart Golem
             ... in a sewer.
             The game lasted 00:08:44 (2813 turns).

night the Caller (Merfolk Summoner)                 Turns: 2813, Time: 00:08:44

Health: -5/35      AC:  2    Str:  8    XL:     5   Next: 9%
Magic:  2/10       EV: 15    Int: 17    God:    Ignis [*****.]
Gold:   120        SH:  0    Dex: 14    Spells: 1/11 levels left

rFire   + . .        (no weapon)
rCold   . . .        (no shield)
rNeg    . . .        a - +0 robe
rPois   .            (no helmet)
rElec   .            (no cloak)
rCorr   .            (no gloves)
SInv    .            (boots currently unavailable)
Will    .....        (no amulet)
Stlth   +++          (no ring)
HPRegen 0.25/turn    (no ring)
MPRegen 0.12/turn

%: no passive effects
@: very quick
A: nimble swimmer 2, mertail
a: Renounce Religion, Fiery Armour, Foxfire Swarm, Rising Flame


You were in a sewer.
You worshipped Ignis.
Ignis was extremely pleased with you.
You visited 1 branch of the dungeon, and saw 3 of its levels.
You also visited: Sewer.

You collected 120 gold pieces.

Inventory:

Missiles
 c - 25 stones
 o - 2 boomerangs
Armour
 a - a +0 robe (worn)
Jewellery
 k - a +6 ring of strength
 n - a +6 ring of strength
Wands
 i - a wand of paralysis (9)
Scrolls
 d - a scroll of torment {unknown}
 e - 2 scrolls of identify {unknown}
 f - a scroll of fear {unknown}
 h - a scroll of teleportation {unknown}
 p - a scroll of vulnerability {unknown}
Potions
 b - 3 potions of magic
 g - 4 potions of curing {unknown}
 j - a potion of invisibility {unknown}
 l - a potion of attraction {unknown}
 m - a potion of enlightenment {unknown}
 q - a potion of might {unknown}
 r - a potion of heal wounds {unknown}


   Skills:
 - Level 2.6 Dodging
 - Level 2.1 Stealth
 + Level 3.5 Spellcasting
 + Level 5.2 Summonings
 + Level 0.0 Fire Magic


You had one spell level left.
You knew the following spells:

 Your Spells              Type           Power      Damage    Failure   Level
a - Summon Small Mammal   Summ           80%        N/A       1%          1
b - Call Imp              Summ           40%        N/A       3%          2
c - Call Canine Familiar  Summ           20%        N/A       6%          3
d - Summon Blazeheart Go  Fire/Summ      12%        N/A       50%         4

Your spell library contained the following spells:

 Spells                   Type           Power      Damage    Failure   Level
 Ensorcelled Hibernation  Hex/Ice        6%         N/A       26%         2
 Fugue of the Fallen      Necr           3%         N/A       45%         3
 Summon Lightning Spire   Summ/Air       11%        N/A       50%         4
 Anguish                  Hex/Necr       1%         N/A       86%         4


Dungeon Overview and Level Annotations

Branches:
Dungeon (3/15)              Sewer (1/1)

Altars:
Ignis

Shops:
D:1 (=


Innate Abilities, Weirdness & Mutations

You are very nimble when in or above water. (Stealth+, EV+, Speed+++)
Your lower body shifts to a powerful aquatic tail in water.


Message History

Your inugami hits the nameless horror but does no damage.
The nameless horror hits you.
You barely miss the nameless horror.
The nameless horror is lightly damaged.
Your inugami hits the nameless horror.
Your rat bites the nameless horror but does no damage.
Send 'em back where they came from!
Your inugami disappears in a puff of smoke!
Your rat shudders.
You hit the nameless horror but do no damage.
The nameless horror is lightly damaged.
Your rat bites the nameless horror but does no damage.
The nameless horror hits you!
* * * LOW HITPOINT WARNING * * *
Your rat bites the nameless horror but does no damage.
The nameless horror hits your rat!!
Your rat dies!
Your rat's corpse disappears in a puff of smoke!
Your legs become a tail as you enter the water.
Your magical contamination has completely faded away.
Okay, then.
An adder comes into view.
Your legs become a tail as you enter the water.
A kobold comes into view. It is wielding a +0 dagger.
A kobold comes into view. It is wielding a +0 short sword.
Your legs become a tail as you enter the water.
A rat comes into view.
The adder hisses angrily.
The rat squeaks loudly.
The kobold shouts!
You hit the adder but do no damage. The adder barely misses you.
Aiming: Paralyse
Press: ? - help, Shift-Dir - straight line, f - nameless horror
Aim: a nameless horror (durably summoned, infinite will)
The nameless horror is unaffected.
The adder misses you. x2
Aiming: Paralyse
Press: ? - help, Shift-Dir - straight line, f/p - nameless horror
Aim: a nameless horror (durably summoned, infinite will)
The nameless horror is unaffected.
The adder bites you but does no damage.
You hit the nameless horror but do no damage.
The adder barely misses you. The nameless horror hits you!
You die... ##### ##...## ##....~## ~.~.... ~. ..... ..~ .Kr

#~# #S# #~# #@# #~# #X# #####
##~## ##~## #.~~## ##...##
##~~.##
..~..####.∩~..#####~..~.####.~.
.....~~~~~.∩.~≈≈≈≈≈~.~..~~~~~~.
~~...####.~...##≈##~....####K.~
#...## ##.~.###~###.~.## ##~##
##≈## #.# ##≈##


You could see a nameless horror, an adder, a kobold and a rat.

Vanquished Creatures
  An iguana (D:2)
  An adder (D:2)
  A goblin (D:1)
  A frilled lizard (D:2)
  A kobold (D:1)
5 creatures vanquished.

Vanquished Creatures (collateral kills)
  2 adders (D:2)
  A river rat (Sewer)
  A dart slug (D:2)
  3 ribbon worms
  10 endoplasms
  5 goblins
  5 hobgoblins (D:2)
  4 quokkas
  5 ball pythons
  4 bats
  3 frilled lizards
  5 kobolds
  3 rats (D:2)
51 creatures vanquished.

Vanquished Creatures (others)
  15 foxfires (D:2)
15 creatures vanquished.

Grand Total: 71 creatures vanquished

Notes
Turn   | Place    | Note
-------+----------+-------------------------------------------
     0 | D:1      | night the Merfolk Summoner began the quest for the Orb.
     0 | D:1      | Reached XP level 1. HP: 13/13 MP: 3/3
    44 | D:1      | Found Zuonam's Weapon Shoppe.
    87 | D:1      | Found a faded altar of an unknown god.
   110 | D:1      | Prayed at the altar of an unknown god.
   110 | D:1      | Became a worshipper of Ignis, the Dying Flame
   285 | D:1      | Reached XP level 2. HP: 19/19 MP: 1/5
   458 | D:1      | Learned a level 2 spell: Call Imp
   473 | D:1      | Found Famuiwk's Jewellery Boutique.
   899 | D:2      | Reached XP level 3. HP: 24/24 MP: 1/7
  1044 | D:2      | Learned a level 3 spell: Call Canine Familiar
  1218 | D:2      | Reached XP level 4. HP: 30/30 MP: 3/8
  1510 | D:2      | Reached skill level 5 in Summonings
  2525 | D:3      | Found a glowing drain.
  2553 | Sewer    | Entered a sewer
  2651 | Sewer    | Reached XP level 5. HP: 27/35 MP: 3/10
  2656 | Sewer    | Learned a level 4 spell: Summon Blazeheart Golem
  2777 | Sewer    | Noticed a crocodile
  2786 | Sewer    | Noticed a nameless horror
  2791 | Sewer    | HP: 2/35 [nameless horror[miscasting Summon Blazeheart
                  | Golem] (15)]
  2813 | Sewer    | Slain by a nameless horror

Illustrated notes

Levels and vault maps discovered:
D:1:      dreamdust_arrival_sigmund_warning, layout_loops_cross, serial_shops,
          nicolae_shop_temple_entry_statues_fountains, shop,
          hellmonk_ecumenical_altar_pennies_from_heaven
D:2:      layout_basic, minmay_joined_circles
D:3:      layout_rooms, nicolae_ru_the_path_less_chosen,
          cheibrodos_sewer_entry_drain, chequers_serial_rivers_micro_b
Sewer:    sewer_co_15_rooms

Skill      XL: |  1  2  3  4 |
---------------+-------------+-----
Spellcasting   | 3 |  3.5
Summonings     | 5 |  5.2
Dodging        | |  2.6
Stealth        | |  2.1

Action                     |  1- 3 |  4- 6 || total
---------------------------+-------+-------++-------
  Melee: Unarmed           |    19 |    10 ||    29
   Cast: Summon Small Mamm |    34 |    14 ||    48
         Call Imp          |    10 |    12 ||    22
         Call Canine Famil |     2 |    14 ||    16
 Invoke: Foxfire Swarm     |     1 |       ||     1
  Evoke: Wand              |       |     2 ||     2
 Armour: Robe              |    12 |     9 ||    21
  Dodge: Dodged            |    33 |    16 ||    49

Table legend: (Time is in decaauts)
 A = Elapsed time spent in this place.
 B = Non-inter-level travel time spent in this place.
 C = Inter-level travel time spent in this place.
 D = Time resting spent in this place.
 E = Time spent auto-exploring this place.
 F = Levels seen in this place.
 G = Mean time per level.
                   A        B        C        D        E       F      G
               +--------+--------+--------+--------+--------+-----+--------+
         Total |   2786 |   2661 |    125 |     75 |   1995 |   4 |  696.5 |
       Dungeon |   2549 |   2424 |    125 |      0 |   1906 |   3 |  849.7 |
         Sewer |    237 |    237 |      0 |     75 |     89 |   1 |  237.0 |
               +--------+--------+--------+--------+--------+-----+--------+

Top non-repeatable levels by time:
     D:2: 1673 daAuts
     D:1: 849 daAuts
   Sewer: 237 daAuts
     D:3: 26 daAuts
